 Dungeon Crawl Stone Soup version 0.30.1-4-g462c640d31 (webtiles) character file.

Game seed: 4714699125339643923

887 Nick1 the Chopper (level 8, -5/61 HPs)
             Began as a Formicid Fighter on Sept 17, 2023.
             Slain by a gnoll sergeant
             ... wielding a +0 trident
              (12 damage)
             ... on level 8 of the Dungeon.
             The game lasted 00:14:10 (3829 turns).

Nick1 the Chopper (Formicid Fighter)                Turns: 3829, Time: 00:14:10

Health: -5/61      AC:  8    Str: 28    XL:     8   Next: 26%
Magic:  8/8        EV: 10    Int:  9    God:
Gold:   263        SH:  5    Dex: 13    Spells: 7/7 levels left

rFire   . . .        a - +0 war axe
rCold   . . .        c - +0 buckler
rNeg    . . .        b - +0 scale mail
rPois   .            (helmet unavailable)
rElec   .            h - +0 cloak
rCorr   .            (no gloves)
SInv    +            (no boots)
Will    .....        (no amulet) Stlth
                     p - +6 ring of strength
HPRegen 0.30/turn    (no ring)
MPRegen 0.11/turn

%: no passive effects
@: no status effects
A: permanent stasis, dig shafts and tunnels, antennae 3, four strong arms
a: Dig, Shaft Self


You were on level 8 of the Dungeon.
You visited 1 branch of the dungeon, and saw 6 of its levels.

You collected 263 gold pieces.

Inventory:

Hand Weapons
 a - a +0 war axe (weapon)
Missiles
 x - 2 poisoned darts (quivered)
Armour
 b - a +0 scale mail (worn)
 c - a +0 buckler (worn)
 h - a +0 cloak (worn)
Jewellery
 p - a +6 ring of strength (left hand)
Wands
 t - a wand of light (9)
Scrolls
 f - a scroll of silence {unknown}
 j - 3 scrolls of amnesia {unknown}
 k - a scroll of poison {unknown}
 m - a scroll of torment {unknown}
 n - a scroll of brand weapon {unknown}
 q - a scroll of fog {unknown}
 r - 3 scrolls of enchant weapon {unknown}
 s - a scroll of fear {unknown}
 v - a scroll of noise {unknown}
Potions
 g - 2 potions of cancellation
 i - a potion of magic {unknown}
 l - 2 potions of attraction
 o - 2 potions of flight
 u - 2 potions of curing {unknown}


   Skills:
 * Level 4.9 Fighting
 * Level 6.6 Axes
 * Level 5.3 Armour
 + Level 1.3 Dodging
 * Level 5.5 Shields


You had 7 spell levels left.
You didn't know any spells.
Your spell library contained the following spells:

 Spells                   Type           Power      Damage    Failure   Level
 Ozocubu's Armour         Ice            0%         N/A       96%         3
 Metabolic Englaciation   Hex/Ice        0%         N/A       100%        5
 Simulacrum               Ice/Necr       0%         N/A       100%        6


Dungeon Overview and Level Annotations

Branches:
Dungeon (5/15)
 Temple: D:4-7

Altars:
The Shining One

Shops:
D:3 ?


Innate Abilities, Weirdness & Mutations

You cannot be hasted, slowed, berserked, paralysed or teleported.
You can dig through walls and to a lower floor.
You have a pair of large antennae on your head. (SInv)
Your four strong arms can wield two-handed weapons with a shield.


Message History

The gnoll sergeant is severely wounded.
You barely miss the kobold. You barely miss the kobold brigand.
You feel sick. The kobold hits you but does no damage.
The kobold brigand hits you with a +0 short sword.
The gnoll sergeant hits you with a +0 trident.
* * * LOW HITPOINT WARNING * * *
You are confused.
You feel invigorated.
You feel sick.
You are no longer poisoned.
The kobold hits you but does no damage.
The kobold brigand hits you but does no damage.
The gnoll sergeant hits you with a +0 trident.
* * * LOW HITPOINT WARNING * * *
You barely miss the gnoll sergeant.
The gnoll sergeant is severely wounded.
You hit the kobold brigand but do no damage.
You closely miss the kobold. The kobold hits you but does no damage.
The kobold brigand hits you but does no damage.
The gnoll sergeant barely misses you. The kobold hits you but does no damage.
The gnoll sergeant hits you with a +0 trident.
The kobold brigand hits you with a +0 short sword.
* * * LOW HITPOINT WARNING * * *
The kobold hits you but does no damage.
The kobold brigand hits you with a +0 short sword.
* * * LOW HITPOINT WARNING * * *
The gnoll sergeant hits you from afar with a +0 trident.
* * * LOW HITPOINT WARNING * * *
Unknown command.
You completely miss the kobold brigand.
The kobold brigand is lightly wounded.
You barely miss the kobold.
You feel less invigorated.
You feel less confused. The kobold barely misses you.
The kobold brigand hits you but does no damage.
The gnoll sergeant hits you from afar with a +0 trident!
* * * LOW HITPOINT WARNING * * *
You block the kobold's attack.
The kobold brigand completely misses you.
The gnoll sergeant hits you with a +0 trident!
You die...

..##...........[.
.................
.................
...............#
....>..........###
.......<#........
..#!...g#).....###.
......)K@..........
.......Kg........#...
....##....!...........
............##.#......
.
##...........#.....#.
....#.#..............
.....###..............
..... #...............
........###...........


You could see a kobold brigand, a gnoll sergeant, a gnoll and a kobold.

Vanquished Creatures
  A wyvern (D:8)
  An ice beast (D:5)
  2 phantoms (D:5)
  A scorpion (D:4)
  Crazy Yiuf (D:2)
  2 hounds (D:5)
  A sleepcap (D:4)
  2 iguanas
  Natasha (D:2)
  Robin (D:2)
  9 adders
  6 gnolls
  4 worms
  3 dart slugs
  4 orcs
  5 ball pythons
  8 endoplasms
  6 giant cockroaches
  7 hobgoblins
  4 jackals (D:1)
  10 kobolds
  2 quokkas (D:1)
  4 bats
  5 frilled lizards
  9 goblins
  5 rats
104 creatures vanquished.

Notes
Turn   | Place    | Note
-------+----------+-------------------------------------------
     0 | D:1      | Nick1 the Formicid Fighter began the quest for the Orb.
     0 | D:1      | Reached XP level 1. HP: 18/18 MP: 1/1
   158 | D:1      | Reached XP level 2. HP: 24/24 MP: 2/2
   361 | D:1      | Reached XP level 3. HP: 29/29 MP: 3/3
   765 | D:1      | Found a faded altar of an unknown god.
  1407 | D:2      | Noticed Robin
  1419 | D:2      | Reached XP level 4. HP: 23/36 MP: 4/4
  1425 | D:2      | Killed Robin
  1426 | D:2      | Reached skill level 3 in Axes
  1767 | D:2      | Noticed Natasha
  1772 | D:2      | Killed Natasha
  1773 | D:2      | Reached XP level 5. HP: 41/41 MP: 5/5
  1825 | D:2      | Found a runed translucent door.
  1826 | D:2      | Noticed Crazy Yiuf
  2040 | D:2      | Killed Crazy Yiuf
  2041 | D:2      | Reached skill level 4 in Axes
  2383 | D:3      | Reached XP level 6. HP: 15/48 MP: 6/6
  2781 | D:3      | Found Kuthoor's Magic Scroll Shoppe.
  3124 | D:4      | Reached skill level 5 in Axes
  3301 | D:4      | Found a glowing golden altar of the Shining One.
  3384 | D:5      | Entered Level 5 of the Dungeon
  3513 | D:5      | Reached skill level 5 in Shields
  3514 | D:5      | Reached XP level 7. HP: 46/54 MP: 7/7
  3529 | D:5      | Reached skill level 1 in Dodging
  3600 | D:5      | Reached skill level 6 in Axes
  3600 | D:5      | Reached skill level 5 in Armour
  3601 | D:5      | Reached XP level 8. HP: 39/61 MP: 8/8
  3610 | D:5      | You fall into a shaft and drop 3 floors!
  3636 | D:8      | Noticed a wyvern
  3647 | D:8      | Killed a wyvern
  3829 | D:8      | Slain by a gnoll sergeant

Illustrated notes

Levels and vault maps discovered:
D:1:      nicolae_arrival_somewhat_less_tricky_arrival, layout_basic,
          basic_ecumenical_altar, minmay_pentomino_r2
D:2:      layout_basic, uniq_robin, uniq_natasha, uniq_crazy_yiuf_cottage
D:3:      layout_loops_cross, serial_shops, nicolae_shop_rolled_up,
          minmay_misc_feat_pillars, minmay_statues_item, serial_bayou_pond_a
D:4:      layout_rooms, tso_altar
D:5:      layout_basic, nemelex_xobeh_ov_fountains_minmay,
          chequers_serial_rivers_marsh, minmay_diced_spiral
D:8:      layout_cave_pools

Skill      XL: |  1  2  3  4  5  6  7 |
---------------+----------------------+-----
Axes           | 3 4 5 6 |  6.6
Armour         | 4 5 |  5.3
Fighting       | 4 |  4.9
Shields        | 5 |  5.5
Dodging        | 1 |  1.3

Action                     |  1- 3 |  4- 6 |  7- 9 || total
---------------------------+-------+-------+-------++-------
  Melee: War axe           |    93 |   189 |    53 ||   335
  Throw: Dart              |       |       |     1 ||     1
Ability: Dig               |       |       |     1 ||     1
         Shaft Self        |       |       |     1 ||     1
    Use: Scroll            |     2 |     3 |     1 ||     6
         Potion            |       |       |     2 ||     2
 Armour: Scale mail        |    41 |    72 |    32 ||   145
  Dodge: Dodged            |    48 |   104 |    47 ||   199
  Block: Buckler           |    30 |    48 |    20 ||    98
